 Dungeon Crawl Stone Soup version 0.32-a0-42-ga30500b4d3 (webtiles) character file.

Game seed: 10836044920033274295

1843 Ceno the Summoner (level 9, -1/68 HPs)
             Began as a Merfolk Summoner on Feb 2, 2024.
             Was an Initiate of Sif Muna.
             Slain by a wight
             ... wielding a +4 trident
              (8 damage)
             ... on level 6 of the Dungeon.
             The game lasted 00:28:50 (6273 turns).

Ceno the Summoner (Merfolk Summoner)                Turns: 6273, Time: 00:28:52

Health: -1/68      AC:  9    Str: 12    XL:     9   Next: 12%
Magic:  2/15       EV: 12    Int: 15    God:    Sif Muna [......]
Gold:   406        SH:  0    Dex: 14    Spells: 2/16 levels left

rFire   . . .        a - +0 halberd
rCold   + . .        (shield currently unavailable)
rNeg    . . .        t - +0 robe {rC+}
rPois   .            v - +0 helmet
rElec   .            (no cloak)
rCorr   .            l - +1 Delatra's gloves {ID++}
SInv    .            (no boots)
Will    .....        A - amulet of the acrobat
Stlth   ++           p - +4 ring of protection
HPRegen 0.31/turn    B - +4 ring of slaying
MPRegen 0.14/turn

%: acrobat
@: inugami summoned
A: (nimble swimmer 2), mertail
a: Renounce Religion


You were on level 6 of the Dungeon.
You worshipped Sif Muna.
Sif Muna was noncommittal.
You visited 2 branches of the dungeon, and saw 7 of its levels.

You collected 406 gold pieces.

Inventory:

Hand Weapons
 a - a +0 halberd (weapon)
 i - a +0 spear
Missiles
 f - 92 stones (quivered)
Armour
 e - a +0 ring mail
 l - the +1 Delatra's gloves (worn) {ID++}
   (You found it on level 2 of the Dungeon)

   ID++:      It heals its wearer when they drink unknown potions, and restores
   their MP when they read unknown scrolls.
 t - a +0 robe of cold resistance (worn)
 v - a +0 helmet (worn)
Jewellery
 p - a +4 ring of protection (left hand)
 A - an amulet of the acrobat (around neck)
 B - a +4 ring of slaying (right hand)
Wands
 u - a wand of polymorph (6)
 y - a wand of mindburst (12)
Scrolls
 c - a scroll of enchant weapon {unknown}
 d - a scroll of torment {unknown}
 j - a scroll of immolation
 k - a scroll of teleportation {unknown}
 q - a scroll of noise {unknown}
 r - a scroll of fear
 s - 3 scrolls of fog
 w - a scroll of blinking {unknown}
Potions
 b - 4 potions of magic
 g - 2 potions of enlightenment
 h - 2 potions of curing
 m - 3 potions of might
 n - a potion of ambrosia
 o - a potion of invisibility {unknown}
 x - a potion of berserk rage {unknown}
 z - 2 potions of degeneration {unknown}


   Skills:
 + Level 5.4 Fighting
 + Level 6.6 Polearms
 - Level 2.6 Dodging
 - Level 3.0 Stealth
 - Level 4.0 Spellcasting
 * Level 8.8 Summonings


You had 2 spell levels left.
You knew the following spells:

 Your Spells              Type           Power      Damage    Failure   Level
a - Summon Lightning Spi  Summ/Air       16%        N/A       28%         4
b - Call Imp              Summ           58%        N/A       1%          2
c - Call Canine Familiar  Summ           29%        N/A       1%          3
d - Summon Blazeheart Go  Fire/Summ      16%        N/A       28%         4
e - Summon Small Mammal   Summ           100%       N/A       1%          1

Your spell library contained the following spells:

 Spells                   Type           Power      Damage    Failure   Level
 Sandblast                Erth           6%         2d5       19%         1
 Slow                     Hex            12%        N/A       19%         1
 Confusing Touch          Hex            3%         N/A       47%         3
 Inner Flame              Hex/Fire       3%         N/A       47%         3
 Passwall                 Erth           3%         N/A       47%         3
 Sigil of Binding         Hex            3%         N/A       47%         3
 Stone Arrow              Conj/Erth      6%         3d7       47%         3
 Tukima's Dance           Hex            3%         N/A       47%         3
 Vampiric Draining        Necr           3%         2d6       47%         3
 Brom's Barrelling Bould  Conj/Erth      3%         2d3       87%         4
 Passage of Golubria      Tloc           3%         N/A       87%         4
 Irradiate                Conj/Alch      1%         3d12      99%         5
 Yara's Violent Unravell  Hex/Alch       1%         3d3       99%         5
 Ignition                 Fire           1%         3d3       100%        8


Dungeon Overview and Level Annotations

Branches:
Dungeon (6/15)             Temple (1/1) D:4

Altars:
Ashenzari
Cheibriados
Dithmenos
Elyvilon
Fedhas
Kikubaaqudgha
Makhleb
Nemelex Xobeh
Okawaru
Ru
Sif Muna
Trog
Uskayaw
Wu Jian
Xom
Yredelemnul
Zin

Shops:
D:1 [   D:6 *

Annotations:
D:5 Prince Ribbit


Innate Abilities, Weirdness & Mutations

((You are very nimble when in or above water. (Stealth+, EV+, Speed+++)))
Your lower body shifts to a powerful aquatic tail in water.


Message History

That felt strangely unrewarding.
Your inugami closely misses the wight.
The iguana bites you but does no damage.
The wight hits you from afar with a +4 trident!
Your inugami hits the wight but does no damage.
You are too injured to fight recklessly!
You are too injured to fight recklessly!
You hit the iguana but do no damage. The iguana barely misses you.
The wight barely misses you.
Your inugami hits the wight but does no damage.
You hit the iguana.
The iguana is moderately wounded.
The iguana bites you! The wight closely misses you.
Your inugami hits the wight! You slash the iguana!
The iguana is almost dead.
The iguana closely misses you. The wight barely misses you.
Your inugami hits the wight.
Your magical contamination has completely faded away.
You barely miss the iguana.
The iguana is almost dead.
The iguana bites you.
The wight hits you from afar with a +4 trident.
* * * LOW HITPOINT WARNING * * *
You feel drained.
* * * LOW HITPOINT WARNING * * *
Your inugami misses the wight. You hit the iguana.
You kill the iguana!
Sif Muna accepts your kill.
The wight hits you from afar with a +4 trident!
* * * LOW HITPOINT WARNING * * *
Your inugami barely misses the wight.
Your life force feels restored.
Reach: a) +0 halberd
Press: ? - help, Dir - move target, f - wight
Aim: a wight, wielding a +4 trident and wearing a +0 leather armour (heavily damaged, ally target, about 37% to evade your +0 halberd)
You reach to attack!
You closely miss the wight.
The wight is heavily damaged.
The wight hits you from afar with a +4 trident!
You die...

..............<
......
.......^.......
.....
...............
.....
............... #...
.##..##.#######
.###...######+##.###
......z.......'....#
.......h......#....#
.......@......#....#
.[............#....#
#########.##..####.#
####..# .# ..... ..
...... ... .........
......... .......


You could see a wight (ally target) and a friendly inugami (summoned).

Vanquished Creatures
  A nameless horror (D:6)
  Menkaure (D:4)
  A water moccasin (D:5)
  A black bear (D:5)
  A centaur (D:5)
  A bullfrog (D:6)
  A howler monkey (D:4)
  A jelly (D:5)
  A hound (D:5)
  2 iguanas (D:6)
  4 adders
  3 gnolls (D:5)
  A ribbon worm (D:5)
  5 orcs
  3 endoplasms
  4 goblins
  2 hobgoblins (D:4)
  3 jackals
  3 kobolds (D:2)
  7 quokkas
  4 ball pythons
  4 bats
  A frilled lizard (D:3)
  4 rats
59 creatures vanquished.

Vanquished Creatures (collateral kills)
  Grinder (D:3)
  A sky beast (D:5)
  A black bear (D:5)
  2 centaurs (D:6)
  An ogre (D:5)
  A phantom (D:5)
  A bombardier beetle (D:3)
  A jelly (D:5)
  A gnoll bouda (D:5)
  Jessica (D:3)
  An iguana (D:5)
  2 orc wizards
  4 gnolls
  5 adders
  A shadow imp (D:5)
  3 dart slugs
  A ribbon worm (D:3)
  6 orcs
  3 bats
  9 endoplasms
  A giant cockroach (D:2)
  2 goblins (D:1)
  3 hobgoblins
  3 jackals (D:2)
  6 kobolds
  2 quokkas
  2 ball pythons
  3 frilled lizards
  4 rats
72 creatures vanquished.

Vanquished Creatures (others)
  A centaur (D:6)
1 creature vanquished.

Grand Total: 132 creatures vanquished

Notes
Turn   | Place    | Note
-------+----------+-------------------------------------------
     0 | D:1      | Ceno the Merfolk Summoner began the quest for the Orb.
     0 | D:1      | Reached XP level 1. HP: 13/13 MP: 3/3
   141 | D:1      | Reached XP level 2. HP: 14/19 MP: 3/5
   165 | D:1      | Learned a level 2 spell: Call Imp
   321 | D:1      | Reached XP level 3. HP: 3/24 MP: 6/6
   518 | D:1      | Found Kuocvoom's Antique Armour Shoppe.
   903 | D:2      | Reached XP level 4. HP: 31/31 MP: 2/7
   908 | D:2      | Learned a level 3 spell: Call Canine Familiar
  1190 | D:2      | Found the +1 Delatra's gloves {ID++}
  1198 | D:2      | Reached skill level 1 in Fighting
  1198 | D:2      | Reached skill level 1 in Polearms
  1198 | D:2      | Reached skill level 5 in Summonings
  1625 | D:2      | Reached XP level 5. HP: 37/37 MP: 6/9
  2482 | D:3      | Noticed Grinder
  2489 | D:3      | Noticed Jessica
  2513 | D:3      | Killed Grinder
  2514 | D:3      | Reached XP level 6. HP: 31/46 MP: 2/11
  2516 | D:3      | Killed Jessica
  2517 | D:3      | Reached skill level 6 in Summonings
  2932 | D:3      | Reached XP level 7. HP: 51/51 MP: 3/12
  3422 | D:4      | Noticed Menkaure
  3834 | D:4      | Killed Menkaure
  4137 | D:4      | Found a blossoming altar of Fedhas.
  4172 | D:4      | You fall into a shaft and drop 1 floor!
  4172 | D:5      | Entered Level 5 of the Dungeon
  4176 | D:5      | Noticed Prince Ribbit
  4480 | D:5      | Reached skill level 7 in Summonings
  4480 | D:5      | Reached XP level 8. HP: 30/60 MP: 12/14
  4670 | D:4      | Found a staircase to the Ecumenical Temple.
  4677 | D:4      | Reached skill level 5 in Polearms
  4680 | Temple   | Entered the Ecumenical Temple
  4706 | Temple   | Became a worshipper of Sif Muna the Loreminder
  5220 | D:5      | Found a shimmering altar of Xom.
  5220 | D:5      | Found a shimmering altar of Xom.
  5220 | D:5      | Found a shimmering altar of Xom.
  5221 | D:5      | Found a shimmering altar of Xom.
  5222 | D:5      | Found a shimmering altar of Xom.
  5223 | D:5      | Found a shimmering altar of Xom.
  5421 | D:5      | Reached skill level 8 in Summonings
  5692 | D:6      | Reached skill level 5 in Fighting
  5896 | D:6      | Found Nokaf's General Store.
  6027 | D:6      | Reached XP level 9. HP: 68/68 MP: 11/15
  6032 | D:6      | Learned a level 4 spell: Summon Blazeheart Golem
  6037 | D:6      | Learned a level 4 spell: Summon Lightning Spire
  6260 | D:6      | Noticed a nameless horror
  6267 | D:6      | Killed a nameless horror
  6273 | D:6      | Slain by a wight

Illustrated notes

Levels and vault maps discovered:
D:1:      saegor_arrival_miasma, layout_rooms, serial_shops,
          nicolae_shop_behind_doors, minmay_tall_x
D:2:      layout_basic, supply_closet_lemuel, pf_guarded_unrand_delatra
D:3:      minmay_octagon_keep, layout_basic, minivault_25, uniq_jessica,
          uniq_grinder
D:4:      layout_layer_cave, amcnicky_altar_gilded,
          minmay_temple_entry_gardened_gates, uniq_menkaure
D:5:      layout_loops_cross, xom_redecorated, uniq_prince_ribbit1
D:6:      nicolae_whirlpool, layout_gridville, grunt_gozag_statues,
          serial_library_hellmonk_recessed_alcove, nicolae_stop_n_shop_1,
          minmay_divided_ellipse
Temple:   hellmonk_temple_of_storms

Skill      XL: |  1  2  3  4  5  6  7  8 |
---------------+-------------------------+-----
Stealth        | 3 |  3.0
Fighting       | 1 2 3 5 |  5.4
Polearms       | 1 3 4 6 |  6.6
Summonings     | 5 6 7 8 |  8.8
Spellcasting   | 3 4 |  4.0
Dodging        | |  2.6

Action                     |  1- 3 |  4- 6 |  7- 9 || total
---------------------------+-------+-------+-------++-------
  Melee: Dagger            |    56 |       |       ||    56
         Spear             |     1 |    88 |     8 ||    97
         Halberd           |       |       |   130 ||   130
         Tailslap          |       |       |     3 ||     3
  Throw: Stone             |       |     1 |       ||     1
   Cast: Summon Small Mamm |    12 |     2 |       ||    14
         Call Imp          |     9 |    19 |    12 ||    40
         Call Canine Famil |       |    11 |    27 ||    38
         Summon Lightning  |       |       |     5 ||     5
         Summon Blazeheart |       |       |     1 ||     1
    Use: Scroll            |       |     3 |     4 ||     7
   Stab: Sleeping          |     2 |       |     7 ||     9
         Distracted        |     1 |     1 |     2 ||     4
 Armour: Robe              |    44 |    24 |    82 ||   150
  Dodge: Dodged            |    49 |    33 |   109 ||   191

Table legend: (Time is in decaauts)
 A = Elapsed time spent in this place.
 B = Non-inter-level travel time spent in this place.
 C = Inter-level travel time spent in this place.
 D = Time resting spent in this place.
 E = Time spent auto-exploring this place.
 F = Levels seen in this place.
 G = Mean time per level.
                   A        B        C        D        E       F      G
               +--------+--------+--------+--------+--------+-----+--------+
         Total |   6308 |   6040 |    268 |   1245 |   2469 |   7 |  901.1 |
       Dungeon |   6260 |   6012 |    248 |   1245 |   2469 |   6 | 1043.3 |
        Temple |     47 |     27 |     20 |      0 |      0 |   1 |   47.0 |
               +--------+--------+--------+--------+--------+-----+--------+

Top non-repeatable levels by time:
     D:2: 1415 daAuts
     D:3: 1258 daAuts
     D:4: 1241 daAuts
     D:5: 1207 daAuts
     D:1: 700 daAuts
     D:6: 437 daAuts
  Temple: 47 daAuts
